Capitals vs Flames

Created - December 4, 2015 at 18:31

Goals
1 2 3 T
Capitals 0 0 0 0
Flames 0 0 1 1
Shots
1 2 3 T
Capitals 11 19 5 35
Flames 8 3 12 23

1st period

No Goal

Penalties :
Jack Johnson (CGY) for Hooking (Minor) at 8:29, Taylor Hall (WSH) for Hooking (Minor) at 8:29, David Perron (CGY) for Roughing (Minor) at 15:55, Jack Johnson (CGY) for Hooking (Minor) at 18:37

2nd period

No Goal

Penalties :
Justin Faulk (CGY) for Hooking (Minor) at 11:53, David Perron (CGY) for Slashing (Minor) at 14:37

3rd period

1. Flames , Alex Tanguay 13 (Anze Kopitar) at 8:01

Penalties :
No Penalty

Goalie Stats

Jimmy Howard (WSH), 22 saves from 23 shots - (0.957), L, 11-9-2, 60:00 minutes
Ben Bishop (CGY), 35 saves from 35 shots - (1.000), W, 11-10-3, 60:00 minutes

Players Stats for Capitals

Player Name              G  A  P  +/- PIM S  H  SB GA TA FO     MP     PP MP  PK MP  
------------------------------------------------------------------------------------
Alexander Ovechkin       0  0  0  -1  0   3  4  0  0  0  1/4    26:35   4:19   0:00 
Alexander Semin          0  0  0   0  0   2  0  0  0  0  1/2    18:51   4:19   0:00 
Bryce Salvador           0  0  0  -1  0   1  1  0  0  0  0/0    22:01   3:30   0:00 
Calvin de Haan           0  0  0  -1  0   1  4  1  0  0  0/0    19:50   3:30   0:00 
Cody Eakin               0  0  0   0  0   4  0  1  0  0  6/11   18:09   3:37   0:00 
Curtis Lazar             0  0  0   0  0   1  0  0  0  0  0/1     1:29   0:00   0:00 
David Desharnais         0  0  0  -1  0   5  1  0  0  0  12/25  20:40   3:37   0:00 
Derek Dorsett            0  0  0   0  0   1  2  0  0  0  1/3    15:04   0:00   0:00 
Jay Harrison             0  0  0   0  0   0  1  0  0  0  0/0     8:49   0:00   0:00 
Jiri Tlusty              0  0  0  -1  0   2  0  0  0  0  4/9    20:47   4:19   0:00 
Mathieu Perreault        0  0  0   0  0   3  1  0  0  0  5/19   15:33   0:00   0:00 
Matt Stajan              0  0  0   0  0   1  0  0  0  0  4/7     4:56   0:00   0:00 
Morgan Rielly            0  0  0   0  0   0  1  2  0  0  0/0    20:45   0:03   0:00 
Nate Guenin              0  0  0   0  0   0  0  3  0  0  0/0    14:56   0:00   0:00 
Ryan McDonagh            0  0  0   0  0   2  2  1  0  0  0/0    15:48   4:23   0:00 
Ryan Murphy              0  0  0   0  0   0  0  1  0  0  0/0    13:25   0:00   0:00 
Taylor Hall              0  0  0   0  2   4  1  0  0  0  0/0    18:34   4:26   0:00 
Tomas Fleischmann        0  0  0   0  0   5  3  1  0  0  0/1    21:48   3:37   0:00 

Players Stats for Flames

Player Name              G  A  P  +/- PIM S  H  SB GA TA FO     MP     PP MP  PK MP  
------------------------------------------------------------------------------------
Alex Tanguay             1  0  1   1  0   2  1  0  0  0  0/0    20:18   0:00   2:35 
Andrej Nestrasil         0  0  0   0  0   1  0  0  0  0  0/0    12:01   0:00   0:20 
Andrew MacDonald         0  0  0   0  0   0  0  0  0  0  0/0     0:00   0:00   0:00 
Andrew Miller            0  0  0   0  0   0  0  0  0  0  1/1    17:45   0:00   0:00 
Antoine Vermette         0  0  0   0  0   5  0  1  0  0  14/27  21:23   0:00   2:35 
Anze Kopitar             0  1  1   1  0   3  0  0  0  0  12/18  17:43   0:00   0:00 
Bobby Ryan               0  0  0   1  0   2  6  0  0  0  2/3    24:00   0:00   5:21 
Bryan Bickell            0  0  0   0  0   0  0  0  0  0  0/1     4:21   0:00   0:00 
David Perron             0  0  0   0  4   0  2  0  0  0  0/0    17:21   0:00   0:00 
Erik Johnson             0  0  0   1  0   1  4  1  0  0  0/0    26:23   0:00   3:16 
Jack Johnson             0  0  0   0  4   2  3  3  0  0  0/0    19:25   0:00   3:36 
Jarret Stoll             0  0  0   0  0   1  1  0  0  0  17/28  16:13   0:00   5:01 
Justin Faulk             0  0  0   0  2   1  2  1  0  0  0/0    23:51   0:00   2:30 
Kevan Miller             0  0  0   1  0   1  2  0  0  0  0/0    16:41   0:00   1:50 
Matt Cullen              0  0  0   0  0   3  0  0  0  0  2/3    14:37   0:00   0:00 
Patrick Dwyer            0  0  0   0  0   1  0  0  0  0  0/1     4:21   0:00   0:00 
Stephane Robidas         0  0  0   0  0   0  3  0  0  0  0/0    15:51   0:00   0:00 
Thomas Hickey            0  0  0   0  0   0  1  1  0  0  0/0    17:46   0:00   4:40 

3 Stars

1 - Ben Bishop (CGY)
2 - Jimmy Howard (WSH)
3 - Alex Tanguay (CGY)

Power Play

Capitals - 0 on 4 Attempt(s) - 0.00%
Flames - 0 on 0 Attempt(s) - 0.00%

Penalty Kill

Capitals - 0 on 0 Attempt(s) - 0.00% - Score 0 goal in Penalty Kill
Flames - 4 on 4 Attempt(s) - 100.00% - Score 0 goal in Penalty Kill

Team Stat

Capitals - Hits : 21 - Faceoff Wins : 34 - Blocked Shots : 10 - Penalty Minutes : 2
Flames - Hits : 25 - Faceoff Wins : 48 - Blocked Shots : 7 - Penalty Minutes : 10

Official

Referees : Brian Pochmara and Rob Martell
Linesman : Mark Wheler and Derek Nansen

Game Notes

Ryan McDonagh is injured at 16:29 of 2nd period (Left Leg)

Finance

Level 1 -- Attendance: 6464 (99.45%) -- Ticket Income $711,040
Level 2 -- Attendance: 5000 (100.00%) -- Ticket Income $375,000
Level 3 -- Attendance: 2993 (85.51%) -- Ticket Income $179,580
Level 4 -- Attendance: 2711 (82.43%) -- Ticket Income $108,440
Luxury Box -- Attendance: 882 (88.20%) -- Ticket Income $176,400
Game was played at the Scotiabank Saddledome.
Total Attendance: 18050 (93.58%)
Total Ticket Income: $1,550,460
Other Income: $232,569
Total Income: $1,783,029

% Time on Ice - Capitals

Lines # - Real PCT - Wanted PCT - Time Play
Normal Forward
1 - 33% - 36% - 16:28
2 - 28% - 33% - 14:09
3 - 29% - 16% - 14:32
4 - 10% - 15% - 4:56
Normal Defense
1 - 39% - 35% - 19:25
2 - 29% - 30% - 14:28
3 - 23% - 25% - 11:26
4 - 10% - 10% - 4:46
PP Forward
1 - 54% - 60% - 4:19
2 - 46% - 40% - 3:37
PP Defense
1 - 56% - 60% - 4:26
2 - 44% - 40% - 3:30
PK Forward
1 - 0% - 60%
2 - 0% - 40%
PK Defense
1 - 0% - 60%
2 - 0% - 40%
PK3 Forward
1 - 0% - 60%
2 - 0% - 40%
PK3 Defense
1 - 0% - 60%
2 - 0% - 40%
44 Forward
1 - 71% - 60% - 1:24
2 - 29% - 40% - 0:35
44 Defense
1 - 55% - 60% - 1:05
2 - 45% - 40% - 0:54
Last Minute Offensive  - 0:00
Last Minute Defensive  - 0:00
Total
Forward - 60:00
Defense - 60:00

% Time on Ice - Flames

Lines # - Real PCT - Wanted PCT - Time Play
Normal Forward
1 - 36% - 40% - 17:43
2 - 35% - 30% - 17:23
3 - 21% - 20% - 10:16
4 - 9% - 10% - 4:21
Normal Defense
1 - 40% - 40% - 19:45
2 - 32% - 30% - 15:51
3 - 24% - 20% - 12:00
4 - 4% - 10% - 2:07
PP Forward
1 - 0% - 60%
2 - 0% - 40%
PP Defense
1 - 0% - 60%
2 - 0% - 40%
PK Forward
1 - 67% - 60% - 5:21
2 - 33% - 40% - 2:35
PK Defense
1 - 41% - 60% - 3:16
2 - 59% - 40% - 4:40
PK3 Forward
1 - 0% - 60%
2 - 0% - 40%
PK3 Defense
1 - 0% - 60%
2 - 0% - 40%
44 Forward
1 - 53% - 60% - 1:03
2 - 47% - 40% - 0:56
44 Defense
1 - 63% - 60% - 1:15
2 - 37% - 40% - 0:44
Last Minute Offensive  - 0:00
Last Minute Defensive  - 0:22
Total
Forward - 60:00
Defense - 60:00

Play by Play

1st period


0:01 of 1st period - David Desharnais wins face-off versus Anze Kopitar in neutral zone.
0:33 of 1st period - Shot by David Desharnais.
0:33 of 1st period - Stopped by Ben Bishop without a rebound.
0:34 of 1st period - Antoine Vermette wins face-off versus Mathieu Perreault in Flames zone.
0:57 of 1st period - Shot by David Perron.
0:57 of 1st period - Deflect By Antoine Vermette.
0:57 of 1st period - Stopped by Jimmy Howard without a rebound.
0:58 of 1st period - Cody Eakin wins face-off versus Jarret Stoll in Capitals zone.
0:58 of 1st period - Alexander Semin is hit by Jarret Stoll and loses puck.
1:05 of 1st period - Shot by Andrej Nestrasil.
1:05 of 1st period - Shot Blocked by Nate Guenin.
1:07 of 1st period - Shot by Jarret Stoll.
1:07 of 1st period - Deflect By Matt Cullen.
1:07 of 1st period - Shot Blocked by Nate Guenin.
1:17 of 1st period - Shot by Jarret Stoll.
1:17 of 1st period - Deflect By Matt Cullen.
1:17 of 1st period - Stopped by Jimmy Howard without a rebound.
1:18 of 1st period - Matt Stajan wins face-off versus Antoine Vermette in Capitals zone.
1:18 of 1st period - Jay Harrison is hit by David Perron and loses puck.
1:26 of 1st period - Morgan Rielly is hit by Jack Johnson and loses puck.
1:32 of 1st period - Alexander Ovechkin is hit by Stephane Robidas and loses puck.
1:36 of 1st period - Alexander Ovechkin is hit by Stephane Robidas and loses puck.
1:50 of 1st period - David Perron is hit by Jay Harrison and loses puck.
2:19 of 1st period - Ryan Murphy is hit by Bobby Ryan and loses puck.
2:34 of 1st period - Derek Dorsett is hit by Bobby Ryan and loses puck.
3:02 of 1st period - Shot by David Desharnais.
3:02 of 1st period - Stopped by Ben Bishop with a rebound.
3:21 of 1st period - Alexander Ovechkin is hit by Erik Johnson and loses puck.
3:28 of 1st period - Shot by David Desharnais.
3:28 of 1st period - Stopped by Ben Bishop with a rebound.
3:30 of 1st period - Shot by Alexander Ovechkin.
3:30 of 1st period - Stopped by Ben Bishop without a rebound.
3:31 of 1st period - Jarret Stoll wins face-off versus Mathieu Perreault in Flames zone.
3:31 of 1st period - Jarret Stoll is hit by Mathieu Perreault.
3:49 of 1st period - Shot by Mathieu Perreault.
3:49 of 1st period - Stopped by Ben Bishop without a rebound.
3:50 of 1st period - Antoine Vermette wins face-off versus Cody Eakin in Flames zone.
3:57 of 1st period - Shot by Cody Eakin.
3:57 of 1st period - Stopped by Ben Bishop without a rebound.
3:58 of 1st period - Mathieu Perreault wins face-off versus Bryan Bickell in Flames zone.
4:12 of 1st period - Icing by Matt Cullen.
4:13 of 1st period - Matt Cullen wins face-off versus David Desharnais in Flames zone.
4:22 of 1st period - Shot by Bryan Bickell.
4:22 of 1st period - Shot Misses the Net.
4:46 of 1st period - Shot by David Desharnais.
4:46 of 1st period - Shot Misses the Net.
5:59 of 1st period - Icing by Morgan Rielly.
6:00 of 1st period - Mathieu Perreault wins face-off versus Antoine Vermette in Capitals zone.
6:07 of 1st period - Antoine Vermette is hit by Tomas Fleischmann and loses puck.
7:05 of 1st period - Shot by Andrej Nestrasil.
7:05 of 1st period - Shot Blocked by Nate Guenin.
7:07 of 1st period - Shot by Kevan Miller.
7:07 of 1st period - Shot Misses the Net.
7:09 of 1st period - Shot by Matt Cullen.
7:09 of 1st period - Deflect By Andrej Nestrasil.
7:09 of 1st period - Shot Blocked by Ryan Murphy.
7:11 of 1st period - Shot by Thomas Hickey.
7:11 of 1st period - Shot Misses the Net.
8:12 of 1st period - Shot by Anze Kopitar.
8:12 of 1st period - Stopped by Jimmy Howard without a rebound.
8:13 of 1st period - Antoine Vermette wins face-off versus Mathieu Perreault in Capitals zone.
8:24 of 1st period - Shot by Mathieu Perreault.
8:24 of 1st period - Shot Blocked by Antoine Vermette.
8:26 of 1st period - Shot by Mathieu Perreault.
8:26 of 1st period - Shot Blocked by Jack Johnson.
8:29 of 1st period - Minor Penalty to Jack Johnson for Hooking.
8:29 of 1st period - Minor Penalty to Taylor Hall for Hooking.
8:30 of 1st period - Antoine Vermette wins face-off versus Mathieu Perreault in Flames zone.
8:48 of 1st period - Shot by Antoine Vermette.
8:48 of 1st period - Stopped by Jimmy Howard without a rebound.
8:49 of 1st period - Antoine Vermette wins face-off versus Mathieu Perreault in Capitals zone.
8:49 of 1st period - Andrej Nestrasil is hit by Ryan McDonagh and loses puck.
9:57 of 1st period - Shot by Bobby Ryan.
9:57 of 1st period - Stopped by Jimmy Howard without a rebound.
9:58 of 1st period - Mathieu Perreault wins face-off versus Jarret Stoll in Capitals zone.
10:35 of 1st period - Shot by Cody Eakin.
10:35 of 1st period - Shot Misses the Net.
10:38 of 1st period - Icing by Stephane Robidas.
10:39 of 1st period - Matt Cullen wins face-off versus Cody Eakin in Flames zone.
10:39 of 1st period - Jack Johnson is hit by Derek Dorsett and loses puck.
11:02 of 1st period - Shot by Cody Eakin.
11:02 of 1st period - Shot Blocked by Jack Johnson.
11:08 of 1st period - Shot by Alexander Semin.
11:08 of 1st period - Deflect By Derek Dorsett.
11:08 of 1st period - Shot Misses the Net.
11:30 of 1st period - Shot by David Desharnais.
11:30 of 1st period - Stopped by Ben Bishop without a rebound.
11:31 of 1st period - Bobby Ryan wins face-off versus Mathieu Perreault in Flames zone.
11:40 of 1st period - Bobby Ryan is hit by Taylor Hall and loses puck.
11:51 of 1st period - Shot by Anze Kopitar.
11:51 of 1st period - Shot Blocked by Tomas Fleischmann.
11:57 of 1st period - Shot by Bobby Ryan.
11:57 of 1st period - Stopped by Jimmy Howard without a rebound.
11:58 of 1st period - Alexander Ovechkin wins face-off versus Antoine Vermette in Capitals zone.
12:05 of 1st period - Shot by Alexander Ovechkin.
12:05 of 1st period - Deflect By David Desharnais.
12:05 of 1st period - Shot Misses the Net.
12:11 of 1st period - Shot by Jiri Tlusty.
12:11 of 1st period - Stopped by Ben Bishop without a rebound.
12:12 of 1st period - Anze Kopitar wins face-off versus Derek Dorsett in Flames zone.
12:29 of 1st period - Shot by Bobby Ryan.
12:29 of 1st period - Shot Misses the Net.
12:40 of 1st period - Cody Eakin is hit by Bobby Ryan and loses puck.
12:51 of 1st period - Shot by Alexander Semin.
12:51 of 1st period - Stopped by Ben Bishop without a rebound.
12:52 of 1st period - Jarret Stoll wins face-off versus David Desharnais in Flames zone.
13:11 of 1st period - Shot by David Desharnais.
13:11 of 1st period - Shot Misses the Net.
13:19 of 1st period - Shot by Andrej Nestrasil.
13:19 of 1st period - Stopped by Jimmy Howard without a rebound.
13:20 of 1st period - Mathieu Perreault wins face-off versus Antoine Vermette in Capitals zone.
14:58 of 1st period - Icing by Bryce Salvador.
14:59 of 1st period - Jarret Stoll wins face-off versus David Desharnais in Capitals zone.
15:12 of 1st period - Shot by Andrej Nestrasil.
15:12 of 1st period - Shot Misses the Net.
15:17 of 1st period - David Desharnais is hit by Erik Johnson and loses puck.
15:25 of 1st period - Icing by Justin Faulk.
15:26 of 1st period - Jarret Stoll wins face-off versus Derek Dorsett in Flames zone.
15:33 of 1st period - Shot by Matt Cullen.
15:33 of 1st period - Stopped by Jimmy Howard with a rebound.
15:55 of 1st period - Minor Penalty to David Perron for Roughing.
15:56 of 1st period - David Desharnais wins face-off versus Jarret Stoll in Flames zone.
16:03 of 1st period - Shot by Taylor Hall.
16:03 of 1st period - Shot Misses the Net.
16:05 of 1st period - Shot by Tomas Fleischmann.
16:05 of 1st period - Stopped by Ben Bishop without a rebound.
16:06 of 1st period - Jarret Stoll wins face-off versus Jiri Tlusty in Flames zone.
16:15 of 1st period - Shot by Ryan McDonagh.
16:15 of 1st period - Shot Misses the Net.
16:17 of 1st period - Shot by Taylor Hall.
16:17 of 1st period - Shot Misses the Net.
17:34 of 1st period - Jack Johnson is hit by David Desharnais.
18:00 of 1st period - Icing by Patrick Dwyer.
18:01 of 1st period - Matt Stajan wins face-off versus Matt Cullen in Flames zone.
18:14 of 1st period - Shot by Tomas Fleischmann.
18:14 of 1st period - Stopped by Ben Bishop without a rebound.
18:15 of 1st period - Antoine Vermette wins face-off versus Cody Eakin in Flames zone.
18:31 of 1st period - Cody Eakin is hit by Stephane Robidas and loses puck.
18:37 of 1st period - Minor Penalty to Jack Johnson for Hooking.
18:38 of 1st period - Jarret Stoll wins face-off versus Jiri Tlusty in Flames zone.
18:47 of 1st period - Erik Johnson is hit by Alexander Ovechkin and loses puck.
Goals for this period are 0 for Capitals vs 0 for Flames.
Shots for this period are 11 for Capitals vs 8 for Flames.

2nd period


0:01 of 2nd period - Jarret Stoll wins face-off versus Jiri Tlusty in neutral zone.
0:13 of 2nd period - Shot by Taylor Hall.
0:13 of 2nd period - Stopped by Ben Bishop without a rebound.
0:14 of 2nd period - David Desharnais wins face-off versus Bobby Ryan in Flames zone.
0:23 of 2nd period - Shot by Calvin de Haan.
0:23 of 2nd period - Shot Blocked by Justin Faulk.
0:25 of 2nd period - Shot by Calvin de Haan.
0:25 of 2nd period - Stopped by Ben Bishop with a rebound.
0:29 of 2nd period - Shot by Bryce Salvador.
0:29 of 2nd period - Stopped by Ben Bishop without a rebound.
0:30 of 2nd period - Jiri Tlusty wins face-off versus Jarret Stoll in Flames zone.
0:33 of 2nd period - Shot by Ryan McDonagh.
0:33 of 2nd period - Shot Misses the Net.
0:37 of 2nd period - Shot by Alexander Semin.
0:37 of 2nd period - Shot Blocked by Jack Johnson.
1:08 of 2nd period - Off-side.
1:09 of 2nd period - David Desharnais wins face-off versus Anze Kopitar in neutral zone.
1:12 of 2nd period - Shot by Jiri Tlusty.
1:12 of 2nd period - Shot Misses the Net.
1:30 of 2nd period - Shot by Anze Kopitar.
1:30 of 2nd period - Shot Blocked by Ryan McDonagh.
1:33 of 2nd period - Icing by Ryan McDonagh.
1:34 of 2nd period - David Desharnais wins face-off versus Jarret Stoll in Capitals zone.
2:14 of 2nd period - Icing by Ryan McDonagh.
2:15 of 2nd period - Bobby Ryan wins face-off versus David Desharnais in Capitals zone.
3:00 of 2nd period - Shot by Alex Tanguay.
3:00 of 2nd period - Deflect By Anze Kopitar.
3:00 of 2nd period - Stopped by Jimmy Howard without a rebound.
3:01 of 2nd period - Alexander Semin wins face-off versus Antoine Vermette in Capitals zone.
3:20 of 2nd period - Shot by Derek Dorsett.
3:20 of 2nd period - Shot Misses the Net.
3:59 of 2nd period - Shot by Mathieu Perreault.
3:59 of 2nd period - Stopped by Ben Bishop with a rebound.
4:01 of 2nd period - Shot by Tomas Fleischmann.
4:01 of 2nd period - Stopped by Ben Bishop without a rebound.
4:02 of 2nd period - Anze Kopitar wins face-off versus Matt Stajan in Flames zone.
4:13 of 2nd period - Shot by Alex Tanguay.
4:13 of 2nd period - Stopped by Jimmy Howard without a rebound.
4:14 of 2nd period - Jarret Stoll wins face-off versus Mathieu Perreault in Capitals zone.
4:21 of 2nd period - Shot by Tomas Fleischmann.
4:21 of 2nd period - Deflect By Taylor Hall.
4:21 of 2nd period - Shot Misses the Net.
4:43 of 2nd period - Shot by Tomas Fleischmann.
4:43 of 2nd period - Stopped by Ben Bishop without a rebound.
4:44 of 2nd period - Anze Kopitar wins face-off versus David Desharnais in Flames zone.
5:08 of 2nd period - Shot by Jiri Tlusty.
5:08 of 2nd period - Shot Misses the Net.
5:12 of 2nd period - Shot by Jiri Tlusty.
5:12 of 2nd period - Shot Misses the Net.
5:14 of 2nd period - Shot by David Desharnais.
5:14 of 2nd period - Stopped by Ben Bishop without a rebound.
5:15 of 2nd period - Cody Eakin wins face-off versus Antoine Vermette in Flames zone.
5:33 of 2nd period - Shot by Cody Eakin.
5:33 of 2nd period - Shot Misses the Net.
6:30 of 2nd period - Andrew Miller is hit by Tomas Fleischmann and loses puck.
6:55 of 2nd period - Shot by Mathieu Perreault.
6:55 of 2nd period - Stopped by Ben Bishop with a rebound.
7:41 of 2nd period - Shot by Alex Tanguay.
7:41 of 2nd period - Shot Misses the Net.
7:43 of 2nd period - Shot by Kevan Miller.
7:43 of 2nd period - Stopped by Jimmy Howard without a rebound.
7:44 of 2nd period - Cody Eakin wins face-off versus Jarret Stoll in Capitals zone.
8:14 of 2nd period - Icing by Stephane Robidas.
8:15 of 2nd period - Jarret Stoll wins face-off versus Mathieu Perreault in Flames zone.
8:49 of 2nd period - Icing by Stephane Robidas.
8:50 of 2nd period - Jarret Stoll wins face-off versus Alexander Ovechkin in Flames zone.
8:50 of 2nd period - Jarret Stoll is hit by Alexander Ovechkin.
9:03 of 2nd period - Off-side.
9:04 of 2nd period - Derek Dorsett wins face-off versus Anze Kopitar in neutral zone.
9:04 of 2nd period - Derek Dorsett is hit by Bobby Ryan.
9:20 of 2nd period - Shot by Cody Eakin.
9:20 of 2nd period - Stopped by Ben Bishop without a rebound.
9:21 of 2nd period - Matt Stajan wins face-off versus Antoine Vermette in Flames zone.
9:32 of 2nd period - Shot by Alexander Ovechkin.
9:32 of 2nd period - Stopped by Ben Bishop without a rebound.
9:33 of 2nd period - David Desharnais wins face-off versus Anze Kopitar in Flames zone.
10:34 of 2nd period - Icing by Ryan McDonagh.
10:35 of 2nd period - David Desharnais wins face-off versus Antoine Vermette in Capitals zone.
11:29 of 2nd period - Mathieu Perreault is hit by Erik Johnson and loses puck.
11:53 of 2nd period - Minor Penalty to Justin Faulk for Hooking.
11:54 of 2nd period - Jiri Tlusty wins face-off versus Jarret Stoll in Flames zone.
11:55 of 2nd period - Shot by Ryan McDonagh.
11:55 of 2nd period - Stopped by Ben Bishop with a rebound.
11:57 of 2nd period - Shot by Taylor Hall.
11:57 of 2nd period - Shot Misses the Net.
11:59 of 2nd period - Shot by Taylor Hall.
11:59 of 2nd period - Stopped by Ben Bishop without a rebound.
12:00 of 2nd period - Jarret Stoll wins face-off versus David Desharnais in Flames zone.
12:41 of 2nd period - Shot by Bryce Salvador.
12:41 of 2nd period - Shot Blocked by Thomas Hickey.
12:43 of 2nd period - Shot by Alexander Semin.
12:43 of 2nd period - Stopped by Ben Bishop without a rebound.
12:44 of 2nd period - Jarret Stoll wins face-off versus Jiri Tlusty in Flames zone.
13:13 of 2nd period - Shot by Alexander Ovechkin.
13:13 of 2nd period - Stopped by Ben Bishop without a rebound.
13:14 of 2nd period - David Desharnais wins face-off versus Jarret Stoll in Flames zone.
13:21 of 2nd period - Shot by Ryan McDonagh.
13:21 of 2nd period - Stopped by Ben Bishop with a rebound.
13:29 of 2nd period - Shot by David Desharnais.
13:29 of 2nd period - Deflect By Cody Eakin.
13:29 of 2nd period - Stopped by Ben Bishop without a rebound.
13:30 of 2nd period - Jiri Tlusty wins face-off versus Antoine Vermette in Flames zone.
13:44 of 2nd period - Icing by Alexander Semin.
13:45 of 2nd period - Jarret Stoll wins face-off versus Jiri Tlusty in Capitals zone.
14:17 of 2nd period - Off-side.
14:18 of 2nd period - Antoine Vermette wins face-off versus David Desharnais in neutral zone.
14:18 of 2nd period - Antoine Vermette is hit by Alexander Ovechkin.
14:35 of 2nd period - Justin Faulk is hit by Ryan McDonagh and loses puck.
14:37 of 2nd period - Minor Penalty to David Perron for Slashing.
14:38 of 2nd period - David Desharnais wins face-off versus Jarret Stoll in Flames zone.
14:38 of 2nd period - David Desharnais is hit by Jack Johnson.
16:03 of 2nd period - Shot by Jiri Tlusty.
16:03 of 2nd period - Stopped by Ben Bishop without a rebound.
16:04 of 2nd period - Antoine Vermette wins face-off versus David Desharnais in Flames zone.
16:09 of 2nd period - Shot by Cody Eakin.
16:09 of 2nd period - Shot Misses the Net.
16:11 of 2nd period - Shot by Cody Eakin.
16:11 of 2nd period - Stopped by Ben Bishop without a rebound.
16:12 of 2nd period - Jiri Tlusty wins face-off versus Antoine Vermette in Flames zone.
16:28 of 2nd period - Ryan McDonagh is hit by Jack Johnson and loses puck.
16:29 of 2nd period - Ryan McDonagh from Capitals is injured at 16:29 of 2nd period (Left Leg).
16:30 of 2nd period - Antoine Vermette wins face-off versus Tomas Fleischmann in Flames zone.
16:47 of 2nd period - Shot by Tomas Fleischmann.
16:47 of 2nd period - Stopped by Ben Bishop without a rebound.
16:48 of 2nd period - Cody Eakin wins face-off versus Antoine Vermette in Flames zone.
17:10 of 2nd period - Cody Eakin is hit by Erik Johnson and loses puck.
Goals for this period are 0 for Capitals vs 0 for Flames.
Shots for this period are 19 for Capitals vs 3 for Flames.

3rd period


0:01 of 3rd period - Anze Kopitar wins face-off versus Matt Stajan in neutral zone.
0:12 of 3rd period - Shot by Matt Stajan.
0:12 of 3rd period - Stopped by Ben Bishop with a rebound.
0:22 of 3rd period - Calvin de Haan is hit by Bobby Ryan and loses puck.
0:36 of 3rd period - Tomas Fleischmann is hit by Justin Faulk and loses puck.
1:07 of 3rd period - Shot by Cody Eakin.
1:07 of 3rd period - Shot Hit the Post.
1:58 of 3rd period - Off-side.
1:59 of 3rd period - Andrew Miller wins face-off versus David Desharnais in neutral zone.
2:32 of 3rd period - Icing by Jay Harrison.
2:33 of 3rd period - Anze Kopitar wins face-off versus David Desharnais in Capitals zone.
2:47 of 3rd period - Icing by Bryce Salvador.
2:48 of 3rd period - David Desharnais wins face-off versus Patrick Dwyer in Capitals zone.
3:09 of 3rd period - Shot by Patrick Dwyer.
3:09 of 3rd period - Stopped by Jimmy Howard with a rebound.
3:11 of 3rd period - Shot by Jack Johnson.
3:11 of 3rd period - Stopped by Jimmy Howard with a rebound.
3:36 of 3rd period - Alexander Ovechkin is hit by Justin Faulk and loses puck.
3:43 of 3rd period - Jiri Tlusty is hit by Bobby Ryan and loses puck.
4:16 of 3rd period - Shot by Anze Kopitar.
4:16 of 3rd period - Shot Misses the Net.
4:44 of 3rd period - Shot by Antoine Vermette.
4:44 of 3rd period - Stopped by Jimmy Howard without a rebound.
4:45 of 3rd period - Jarret Stoll wins face-off versus Mathieu Perreault in Capitals zone.
4:47 of 3rd period - Andrej Nestrasil is hit by Calvin de Haan and loses puck.
4:55 of 3rd period - Andrej Nestrasil is hit by Calvin de Haan and loses puck.
5:08 of 3rd period - Shot by Andrej Nestrasil.
5:08 of 3rd period - Shot Blocked by Morgan Rielly.
5:14 of 3rd period - Shot by Andrej Nestrasil.
5:14 of 3rd period - Shot Blocked by Calvin de Haan.
5:55 of 3rd period - David Perron is hit by Morgan Rielly and loses puck.
6:02 of 3rd period - Shot by Antoine Vermette.
6:02 of 3rd period - Stopped by Jimmy Howard without a rebound.
6:03 of 3rd period - Anze Kopitar wins face-off versus Alexander Semin in Capitals zone.
6:43 of 3rd period - Off-side.
6:44 of 3rd period - Antoine Vermette wins face-off versus Curtis Lazar in neutral zone.
6:59 of 3rd period - Shot by David Perron.
6:59 of 3rd period - Shot Misses the Net.
7:15 of 3rd period - Shot by Antoine Vermette.
7:15 of 3rd period - Stopped by Jimmy Howard without a rebound.
7:16 of 3rd period - Jarret Stoll wins face-off versus Mathieu Perreault in Capitals zone.
7:57 of 3rd period - Off-side.
7:58 of 3rd period - Anze Kopitar wins face-off versus David Desharnais in neutral zone.
8:01 of 3rd period - Shot by Alex Tanguay.
8:01 of 3rd period - Goal by Alex Tanguay - Capitals : 0 - Flames : 1.
8:02 of 3rd period - Anze Kopitar wins face-off versus David Desharnais in neutral zone.
9:33 of 3rd period - Icing by Morgan Rielly.
9:34 of 3rd period - Mathieu Perreault wins face-off versus Jarret Stoll in Capitals zone.
9:47 of 3rd period - Shot by Mathieu Perreault.
9:47 of 3rd period - Deflect By Taylor Hall.
9:47 of 3rd period - Stopped by Ben Bishop without a rebound.
9:48 of 3rd period - David Desharnais wins face-off versus Antoine Vermette in Flames zone.
10:19 of 3rd period - Shot by Antoine Vermette.
10:19 of 3rd period - Shot Misses the Net.
10:49 of 3rd period - Shot by Andrej Nestrasil.
10:49 of 3rd period - Shot Misses the Net.
10:53 of 3rd period - Shot by Andrej Nestrasil.
10:53 of 3rd period - Shot Blocked by Morgan Rielly.
11:09 of 3rd period - Shot by Matt Cullen.
11:09 of 3rd period - Shot Misses the Net.
11:37 of 3rd period - Tomas Fleischmann is hit by Alex Tanguay and loses puck.
11:46 of 3rd period - Shot by Mathieu Perreault.
11:46 of 3rd period - Shot Blocked by Erik Johnson.
11:48 of 3rd period - Shot by Taylor Hall.
11:48 of 3rd period - Shot Hit the Post.
12:00 of 3rd period - Icing by Bryce Salvador.
12:01 of 3rd period - Antoine Vermette wins face-off versus Mathieu Perreault in Capitals zone.
12:20 of 3rd period - Antoine Vermette is hit by Bryce Salvador and loses puck.
13:06 of 3rd period - Shot by Matt Cullen.
13:06 of 3rd period - Shot Misses the Net.
13:08 of 3rd period - Shot by Patrick Dwyer.
13:08 of 3rd period - Shot Misses the Net.
13:27 of 3rd period - Shot by Matt Cullen.
13:27 of 3rd period - Stopped by Jimmy Howard without a rebound.
13:28 of 3rd period - Anze Kopitar wins face-off versus Alexander Ovechkin in Capitals zone.
13:51 of 3rd period - Shot by Matt Stajan.
13:51 of 3rd period - Shot Misses the Net.
14:17 of 3rd period - Shot by Curtis Lazar.
14:17 of 3rd period - Stopped by Ben Bishop without a rebound.
14:18 of 3rd period - Antoine Vermette wins face-off versus David Desharnais in Flames zone.
14:30 of 3rd period - David Desharnais is hit by Kevan Miller and loses puck.
14:58 of 3rd period - Icing by Thomas Hickey.
14:59 of 3rd period - Antoine Vermette wins face-off versus Cody Eakin in Flames zone.
14:59 of 3rd period - Antoine Vermette is hit by Derek Dorsett.
15:20 of 3rd period - Morgan Rielly is hit by David Perron and loses puck.
15:26 of 3rd period - Icing by Kevan Miller.
15:27 of 3rd period - Antoine Vermette wins face-off versus Mathieu Perreault in Flames zone.
15:51 of 3rd period - Icing by Antoine Vermette.
15:52 of 3rd period - Cody Eakin wins face-off versus Antoine Vermette in Flames zone.
15:52 of 3rd period - Morgan Rielly is hit by Thomas Hickey and loses puck.
16:12 of 3rd period - Cody Eakin is hit by Kevan Miller and loses puck.
16:27 of 3rd period - Off-side.
16:28 of 3rd period - Anze Kopitar wins face-off versus Mathieu Perreault in neutral zone.
16:49 of 3rd period - Shot by Justin Faulk.
16:49 of 3rd period - Stopped by Jimmy Howard without a rebound.
16:50 of 3rd period - David Desharnais wins face-off versus Jarret Stoll in Capitals zone.
17:26 of 3rd period - Shot by Matt Cullen.
17:26 of 3rd period - Shot Misses the Net.
17:28 of 3rd period - Shot by Jack Johnson.
17:28 of 3rd period - Stopped by Jimmy Howard without a rebound.
17:29 of 3rd period - Anze Kopitar wins face-off versus Mathieu Perreault in Capitals zone.
17:44 of 3rd period - Shot by Taylor Hall.
17:44 of 3rd period - Stopped by Ben Bishop without a rebound.
17:45 of 3rd period - Cody Eakin wins face-off versus Anze Kopitar in Flames zone.
17:56 of 3rd period - Shot by Anze Kopitar.
17:56 of 3rd period - Stopped by Jimmy Howard without a rebound.
17:57 of 3rd period - Jarret Stoll wins face-off versus Matt Stajan in Capitals zone.
18:02 of 3rd period - Shot by Matt Cullen.
18:02 of 3rd period - Deflect By Jarret Stoll.
18:02 of 3rd period - Stopped by Jimmy Howard without a rebound.
18:03 of 3rd period - Matt Stajan wins face-off versus Anze Kopitar in Capitals zone.
18:20 of 3rd period - Shot by Bobby Ryan.
18:20 of 3rd period - Shot Misses the Net.
18:22 of 3rd period - Shot by Erik Johnson.
18:22 of 3rd period - Shot Misses the Net.
18:24 of 3rd period - Shot by Erik Johnson.
18:24 of 3rd period - Stopped by Jimmy Howard without a rebound.
18:25 of 3rd period - Jarret Stoll wins face-off versus Cody Eakin in Capitals zone.
18:26 of 3rd period - Shot by Andrej Nestrasil.
18:26 of 3rd period - Shot Blocked by Cody Eakin.
18:28 of 3rd period - Shot by Andrej Nestrasil.
18:28 of 3rd period - Deflect By Matt Cullen.
18:28 of 3rd period - Shot Misses the Net.
18:30 of 3rd period - Shot by Jarret Stoll.
18:30 of 3rd period - Deflect By Andrej Nestrasil.
18:30 of 3rd period - Shot Misses the Net.
18:47 of 3rd period - Shot by Derek Dorsett.
18:47 of 3rd period - Stopped by Ben Bishop without a rebound.
18:48 of 3rd period - Anze Kopitar wins face-off versus Alexander Ovechkin in Flames zone.
18:50 of 3rd period - Bobby Ryan is hit by Tomas Fleischmann and loses puck.
18:54 of 3rd period - Erik Johnson is hit by Alexander Ovechkin and loses puck.
19:14 of 3rd period - Alex Tanguay is hit by Calvin de Haan and loses puck.
19:46 of 3rd period - Justin Faulk is hit by Calvin de Haan.
Goals for this period are 0 for Capitals vs 1 for Flames.
Shots for this period are 5 for Capitals vs 12 for Flames.